 Dungeon Crawl Stone Soup version 0.18.1-48-g4cf74bf (webtiles) character file.

1574 mopl the Sneak (level 8, 0/44 HPs)
             Began as a Vine Stalker Wanderer on Aug 29, 2016.
             Slain by Duvessa
             ... wielding a +2 rapier of speed
              (7 damage)
             ... on level 6 of the Dungeon.
             The game lasted 00:10:29 (3833 turns).

mopl the Sneak (Vine Stalker Wanderer)              Turns: 3833, Time: 00:10:30

Health: 0/44       AC:  7    Str: 16    XL:     8   Next: 90%
Magic:  0/13       EV: 11    Int: 13    God:
Gold:   185        SH:  0    Dex: 18    Spells: 0 memorised, 13 levels left

rFire  + . .     SeeInvis .     O - +6 war axe of the Harvest {chop, Stlth+}
rCold  + + .     Gourm    .     U - +2 leather armour {rF+}
rNeg   . . .     Faith    .     (no shield)
rPois  .         Spirit   +     D - +0 helmet of Ateff {rC+ rCorr} (curse)
rElec  .         Dismiss  .     d - +0 cloak (curse)
rCorr  +         Reflect  .     (no gloves)
SustAt .         Harm     .     (no boots)
MR     +....                    L - amulet of regeneration
Stlth  +++++.....               x - +4 ring of dexterity
                                q - ring of protection from cold

@: somewhat resistant to hostile enchantments, quite stealthy
A: fangs 3, regeneration 2, magic shield, antimagic bite, no device heal 3, rot
immunity
a: no special abilities


You were on level 6 of the Dungeon.
You were not hungry.

You visited 1 branch of the dungeon, and saw 6 of its levels.

You collected 366 gold pieces.
You spent 181 gold pieces at shops.

Inventory:

Hand Weapons
 a - a +2 spear
 e - a +0 dagger
 h - a +0 short sword
 y - a +2 quarterstaff of chaos
 O - the +6 war axe of the Harvest (weapon) {chop, Stlth+}
   (You found it on level 4 of the Dungeon)

   It inflicts extra damage upon your enemies.
   It makes you more stealthy.
Missiles
 F - 20 poisoned needles
Armour
 d - a cursed +0 cloak (worn)
 D - the cursed +0 helmet of Ateff (worn) {rC+ rCorr}
   (You took it off Robin on level 2 of the Dungeon)

   It protects you from cold.
   It protects you from acid and corrosion.
   It has a curse placed upon it.
 M - a +2 hat
 U - a +2 leather armour of fire resistance (worn)
Magical Staves
 H - an uncursed staff of wizardry {!a}
Jewellery
 q - a ring of protection from cold (left hand)
 w - an uncursed ring of protection from cold
 x - a +4 ring of dexterity (right hand)
 L - an amulet of regeneration (around neck)
 T - an uncursed ring of sustain attributes
Scrolls
 c - 4 scrolls of teleportation
 g - 2 scrolls of fog {unknown}
 i - a scroll of amnesia {unknown}
 k - a scroll of enchant weapon {unknown}
 m - a scroll of noise {unknown}
 p - 8 scrolls of identify {unknown}
 u - 2 scrolls of blinking {unknown}
 A - a scroll of random uselessness {unknown}
 B - a scroll of enchant armour {unknown}
 G - a scroll of remove curse {unknown}
 I - 2 scrolls of magic mapping {unknown}
 J - 2 scrolls of recharging {unknown}
 N - a scroll of immolation {unknown}
 P - a scroll of fear {unknown}
Potions
 j - 4 potions of curing
 l - a potion of cure mutation {unknown}
 n - a potion of brilliance {unknown}
 o - 2 potions of agility
 s - 3 potions of lignification {unknown}
 t - a potion of heal wounds {unknown}
 v - 2 potions of haste {unknown}
 z - a potion of beneficial mutation {unknown}
 R - 2 potions of might
 S - a potion of flight
Books
 b - the Collected Works on Feathers

   Spells                             Type                      Level
   a - Repel Missiles                 Charms/Air                   2
   b - Swiftness                      Charms/Air                   2
Comestibles
 f - 8 bread rations
 r - a beef jerky
 C - a chunk of flesh
 E - a royal jelly


   Skills:
 + Level 5.4 Fighting
 + Level 4.7 Short Blades
 - Level 1.0 Polearms
 + Level 4.8 Throwing
 + Level 7.6 Stealth
   Level 1.0 Shields
 - Level 3.2 Spellcasting


You had 13 spell levels left.
You didn't know any spells.

Dungeon Overview and Level Annotations

Branches:
Dungeon (6/15)
 Temple: D:4-7

Altars:
Ashenzari
Gozag
Nemelex Xobeh
Okawaru
Vehumet
Xom

Shops:
D:2 *   D:4 !

Annotations:
D:6 Duvessa


Innate Abilities, Weirdness & Mutations

You have razor-sharp teeth.
You heal very quickly.
When hurt, damage is shared between your health and your magic reserves.
Your bite disrupts and absorbs the magic of your enemies.
Potions and wands cannot restore your health.
You are immune to rotting.


Message History

You are too injured to fight recklessly!
You are too injured to fight recklessly!
You slash Duvessa!
Duvessa is severely wounded.
Duvessa hits you but does no damage.
The howler monkey hoots and howls with incredible vigour!
Duvessa hits you with a rapier of speed!
You barely miss Duvessa. You bite Duvessa. You drain her power.
You feel invigorated.
Duvessa is almost dead.
Duvessa hits you with a rapier of speed!
* * * LOW HITPOINT WARNING * * *
Duvessa barely misses you.
Duvessa hits you with a rapier of speed.
* * * LOW HITPOINT WARNING * * *
You closely miss Duvessa. Your bite misses Duvessa.
Duvessa is almost dead.
You hear the slow rusting of a very distant drain.
Duvessa hits you with a rapier of speed!
You die...

### ############.#######
#he@.............<.. ###
#o##########.####...
##.###.##### #.....<.#.
#..........#####.####.)>.
##.###.###.##..........#.
#.# #.# #...............
###e###.######..#.#####.#.
#......_... #..#.# #.#.
#.#......h. ....#.# #.#


You could see Duvessa (berserk), a howler monkey and an orc.

Vanquished Creatures
  The ghost of mopl the Sneak, a novice VSWn (D:5)
  Sigmund (D:2)
  Eustachio (D:5)
  4 ogres
  A centaur (D:5)
  Dowan (D:6)
  A howler monkey (D:5)
  A jelly (D:5)
  An orc priest (D:4)
  Crazy Yiuf (D:2)
  A giant frog skeleton (D:4)
  Natasha (twice) (D:3)
  An iguana (D:4)
  Ijyb (D:1)
  An orc wizard (D:5)
  3 worker ants
  Robin (D:2)
  3 gnolls (D:4)
  10 adders
  A shadow imp (D:5)
  2 oozes
  A worm (D:3)
  A dart slug (D:1)
  A giant gecko (D:3)
  11 orcs
  A giant cockroach (D:4)
  16 goblins
  7 hobgoblins
  11 jackals
  7 kobolds
  A quokka (D:2)
  3 ball pythons
  7 bats
  4 giant newts
  5 rats
115 creatures vanquished.

Notes
Turn   | Place    | Note
--------------------------------------------------------------
     0 | D:1      | mopl the Vine Stalker Wanderer began the quest for the Orb.
     0 | D:1      | mopl set off with: a +2 spear, the Collected Works on Feathers, a scroll of teleportation, a +0 robe, a +0 dagger, a bread ration
     0 | D:1      | Reached XP level 1. HP: 11/11 MP: 5/5
     0 | D:1      | Identified the Collected Works on Feathers
    70 | D:1      | Reached XP level 2. HP: 16/16 MP: 5/7
   498 | D:1      | Reached skill level 1 in Throwing
   835 | D:2      | Noticed Sigmund
   852 | D:2      | Killed Sigmund
   852 | D:2      | Reached skill level 3 in Fighting
   852 | D:2      | Reached skill level 2 in Short Blades
   852 | D:2      | Reached skill level 2 in Throwing
   852 | D:2      | Reached skill level 4 in Stealth
   852 | D:2      | Reached XP level 3. HP: 12/20 MP: 6/8
   852 | D:2      | Reached XP level 4. HP: 15/24 MP: 6/9
   852 | D:2      | Reached XP level 5. HP: 18/28 MP: 6/10
   998 | D:2      | Noticed Ijyb
  1028 | D:1      | Killed Ijyb
  1028 | D:1      | Gained mutation: You heal very quickly. [Vine Stalker growth]
  1028 | D:1      | Reached XP level 6. HP: 29/32 MP: 11/11
  1171 | D:2      | Found a radiant altar of Vehumet.
  1174 | D:2      | Found a sparkling altar of Nemelex Xobeh.
  1182 | D:2      | Noticed Crazy Yiuf
  1192 | D:2      | Paralysed by Crazy Yiuf for 2 turns
  1195 | D:2      | Killed Crazy Yiuf
  1259 | D:2      | Noticed Robin
  1264 | D:2      | Killed Robin
  1291 | D:2      | Got a spiked helmet
  1299 | D:2      | Identified the cursed +0 helmet of Ateff {rC+ rCorr} (You took it off Robin on level 2 of the Dungeon)
  1345 | D:2      | Found an opulent altar of Gozag.
  1345 | D:2      | Found Gozag's Platinum Reserve.
  1902 | D:3      | Noticed Natasha
  1907 | D:3      | Killed Natasha
  1907 | D:3      | Reached skill level 5 in Stealth
  2124 | D:3      | Noticed Natasha
  2134 | D:3      | Killed Natasha
  2134 | D:3      | Reached skill level 4 in Fighting
  2264 | D:4      | Reached skill level 3 in Short Blades
  2264 | D:4      | Reached skill level 3 in Throwing
  2264 | D:4      | Reached XP level 7. HP: 36/37 MP: 12/12
  2641 | D:4      | Reached skill level 6 in Stealth
  2702 | D:4      | Got a dazzling war axe
  2703 | D:4      | Identified the +6 war axe of the Harvest {chop, Stlth+} (You found it on level 4 of the Dungeon)
  2835 | D:4      | Found Riaxzemn's Distillery.
  2841 | D:4      | Bought a potion of mutation for 27 gold pieces
  2841 | D:4      | Bought a potion of agility for 44 gold pieces
  2841 | D:4      | Bought a potion of curing for 33 gold pieces
  2841 | D:4      | Bought a potion of might for 44 gold pieces
  2841 | D:4      | Bought a potion of flight for 33 gold pieces
  3013 | D:4      | Found a shattered altar of Ashenzari.
  3056 | D:4      | Gained mutation: You have razor-sharp teeth. [Vine Stalker growth]
  3056 | D:4      | Reached XP level 8. HP: 30/42 MP: 11/13
  3090 | D:5      | Entered Level 5 of the Dungeon
  3098 | D:5      | Reached skill level 4 in Throwing
  3193 | D:5      | Reached skill level 4 in Short Blades
  3206 | D:5      | Noticed mopl's ghost (novice VSWn)
  3217 | D:5      | Killed mopl's ghost
  3217 | D:5      | Reached skill level 5 in Fighting
  3217 | D:5      | Reached skill level 7 in Stealth
  3320 | D:5      | Noticed Eustachio
  3355 | D:5      | Killed Eustachio
  3728 | D:5      | Found a shimmering altar of Xom.
  3743 | D:6      | Noticed Dowan
  3747 | D:6      | Noticed Duvessa
  3771 | D:6      | Killed Dowan
  3804 | D:6      | Found an iron altar of Okawaru.
  3833 | D:6      | Slain by Duvessa

Skill      XL: |  1  2  3  4  5  6  7  8 |
---------------+-------------------------+-----
Throwing       | 2 3 4 |  4.8
Fighting       | 3 4 5 |  5.4
Short Blades   | 2 3 4 |  4.7
Stealth        | 4 5 6 7 |  7.6
Polearms       | |  1.0
Shields        | |  1.0
Spellcasting   | |  3.2

Action                   |  1- 3 |  4- 6 |  7- 9 || total
-------------------------+-------+-------+-------++-------
Melee: Spear             |    58 |    38 |       ||    96
       Bite              |     7 |    30 |    43 ||    80
       Short sword       |     2 |       |       ||     2
       Quarterstaff      |       |    71 |    66 ||   137
       War axe           |       |       |    88 ||    88
 Stab: Sleeping          |     3 |     6 |     5 ||    14
  Eat: Chunk             |       |     4 |     6 ||    10
Armor: Robe              |     5 |    17 |       ||    22
       Animal skin       |       |     8 |    35 ||    43
       Ring mail         |       |       |    48 ||    48
       Leather armour    |       |       |     9 ||     9
Dodge: Dodged            |    17 |    58 |   137 ||   212
